 Dungeon Crawl Stone Soup version 0.31-a0-963-ga325b2283a (webtiles) character file.

Game seed: 9693396024976115313

35116 Morbidden the Destroyer (level 13, -6/96 HPs)
             Began as a Demonspawn Conjurer on Oct 24, 2023.
             Was a High Priest of Cheibriados.
             Mangled by a cane toad (14 damage)
             ... on level 5 of the Lair of Beasts.
             The game lasted 00:30:43 (19202 turns).

Morbidden the Destroyer (Demonspawn Conjurer)      Turns: 19202, Time: 00:30:43

Health: -6/96      AC: 23    Str: 23    XL:     13   Next: 45%
Magic:  7/27       EV: 11    Int: 47    God:    Cheibriados [*****.]
Gold:   1075       SH:  0    Dex: 31    Spells: 14/33 levels left

rFire   + .          .
                       - Unarmed
rCold   + . .        q - orb {*channel}
rNeg    + . .        B - +5 chain mail "Plog" {rElec rN+ Dex+2}
rPois   +            m - +1 helmet
rElec   +            (no cloak)
rCorr   +            (gloves unavailable)
SInv    .            C - +1 pair of boots "Hintega" {Str+2}
Will    .....        (no amulet)
Stlth   +            a - +6 ring of intelligence
HPRegen 0.36/turn    b - +4 ring of protection
MPRegen 0.40/turn

%: wizardry (x1), channel magic (20%)
@: resistant, attractive, invisible, very slow
A: claws 3, powered by pain 1, magic regeneration, big brain 3, agile 1,
mutation resistance 1
a: Renounce Religion, Bend Time, Temporal Distortion, Slouch, Step From Time


You were on level 5 of the Lair of Beasts.
You worshipped Cheibriados.
Cheibriados was extremely pleased with you.
You visited 4 branches of the dungeon, and saw 17 of its levels.
You also visited: Ossuary and Volcano.

You collected 1075 gold pieces.

Inventory:

Hand Weapons
 L - a +4 dagger
Missiles
 g - 2 throwing nets
Armour
 m - a +1 helmet (worn)
 q - an orb of energy (worn)
 B - the +5 chain mail "Plog" (worn) {rElec rN+ Dex+2}
   (You found it on level 4 of the Dungeon)

   Dex+2:     It affects your dexterity (+2).
   rElec:     It insulates you from electricity.
   rN+:       It protects you from negative energy.
 C - the +1 pair of boots "Hintega" (worn) {Str+2}
   (You found it on level 4 of the Dungeon)

   Str+2:     It affects your strength (+2).
 O - the +4 chain mail of a sewer {-Tele rF+ Regen+}
   (You found it on level 9 of the Dungeon)

   rF+:       It protects you from fire.
   -Tele:     It prevents most forms of teleportation.
   Regen+:    It increases your rate of health regeneration.
 T - +0 fire dragon scales
Jewellery
 a - a +6 ring of intelligence (left claw)
 b - a +4 ring of protection (right claw)
 h - a ring of ice
 i - the amulet of Xunyclum {Acrobat *Slow rN+++ SInv}
   (You found it on level 5 of the Lair of Beasts)

   [amulet of the acrobat]

   Acrobat:   It increases your evasion while moving and waiting.
   rN+++:     It renders you almost immune to negative energy.
   SInv:      It lets you see invisible.
   *Slow:     It may slow you when you take damage.
 E - a ring of see invisible
 K - a ring of protection from cold
 N - a ring of wizardry
 R - a ring of poison resistance
 S - a ring of flight
Wands
 e - a wand of paralysis (7)
 l - a wand of iceblast (8)
 v - a wand of flame (17)
 G - a wand of mindburst (9)
 M - a wand of polymorph (6)
 P - a wand of digging (8)
Scrolls
 c - 5 scrolls of identify
 f - 3 scrolls of fog
 j - 5 scrolls of vulnerability
 o - 3 scrolls of teleportation
 t - a scroll of revelation
 u - 2 scrolls of poison
 y - 2 scrolls of enchant weapon
 A - a scroll of enchant armour
 D - 4 scrolls of amnesia
Potions
 d - 2 potions of invisibility
 k - a potion of curing
 n - 2 potions of cancellation
 p - 2 potions of haste
 r - 4 potions of mutation
 s - 2 potions of degeneration
 w - 2 potions of attraction
 x - 2 potions of resistance
 F - 2 potions of ambrosia {unknown}
 H - 2 potions of brilliance
 I - a potion of might {unknown}
 J - 2 potions of enlightenment {unknown}
 Q - 2 potions of magic


   Skills:
 * Level 7.0 Fighting
 + Level 6.3 Armour
 + Level 2.9 Dodging
 + Level 3.5 Stealth
 * Level 7.2 Unarmed Combat
 * Level 10.5 Spellcasting
 * Level 10.9 Conjurations
 + Level 5.9 Translocations
 * Level 7.0 Air Magic
 * Level 1.0 Earth Magic
 * Level 8.6 Invocations
 + Level 1.6 Evocations


You had 14 spell levels left.
You knew the following spells:

 Your Spells              Type           Power      Damage    Failure   Level
a - Airstrike             Air            37%        2d(6-22)  4%          4
b - Stone Arrow           Conj/Erth      100%       3d13      2%          3
c - Arcjolt               Conj/Air       41%        1d51      4%          5
d - Magic Dart            Conj           100%       1d8       1%          1
e - Searing Ray           Conj           100%       2d8       1%          2
z - Iskenderun's Mystic   Conj/Tloc      81%        2d16      3%          4

Your spell library contained the following spells:

 Spells                   Type           Power      Damage    Failure   Level
 Blink                    Tloc           100%       N/A       1%          2
 Lesser Beckoning         Tloc           100%       N/A       1%          2
 Momentum Strike          Conj/Tloc      100%       3d10      1%          2
 Static Discharge         Conj/Air       100%       3-8/arc   1%          2
 Swiftness                Air            74%        N/A       1%          3
 Dazzling Flash           Conj/Hex       100%       N/A       3%          3
 Vhi's Electric Charge    Tloc/Air       100%       N/A       4%          4
 Sting                    Tmut/Pois      96%        1d7       6%          1
 Fulminant Prism          Conj/Hex       33%        3d15      7%          4
 Passwall                 Tmut/Erth      24%        N/A       8%          2
 Ensorcelled Hibernation  Hex/Ice        48%        N/A       9%          2
 Wereblood                Tmut           24%        N/A       9%          2
 Summon Lightning Spire   Summ/Air       55%        N/A       12%         4
 Irradiate                Conj/Tmut      33%        3d22      14%         5
 Frozen Ramparts          Ice            48%        1d8       16%         3
 Animate Armour           Summ/Erth      58%        N/A       32%         4
 Petrify                  Tmut/Erth      29%        N/A       32%         4
 Metabolic Englaciation   Hex/Ice        12%        N/A       65%         5
 Yara's Violent Unravell  Hex/Tmut       12%        3d7       65%         5
 Plasma Beam              Fire/Air       27%        2x1d40    75%         6
 Lehudib's Crystal Spear  Conj/Erth      34%        10d9      100%        8
 Maxwell's Capacitive Co  Air            37%        ∞         100%        8
 Chain Lightning          Conj/Air       41%        3d55      100%        9
 Fire Storm               Conj/Fire      33%        8d8       100%        9
 Shatter                  Erth           17%        3d16*     100%        9


Dungeon Overview and Level Annotations

Branches:
Dungeon (10/15)            Temple (1/1) D:4            Lair (5/5) D:8
 Shoals (1/4) Lair:2        Snake (0/4) Lair:2      Ossuary (visited)
Volcano (visited)
  Slime: Lair:4-5       Orc: D:9-12

Altars:
Ashenzari
Cheibriados
Dithmenos
Fedhas
Gozag
Hepliaklqana
Kikubaaqudgha
Makhleb
Nemelex Xobeh
Okawaru
Qazlal
Ru
Sif Muna
Trog
Uskayaw
Vehumet
Wu Jian
Xom
Yredelemnul

Shops:
D:10 [*=*

Portals:
Abyss: D:4

Annotations:
D:3 1 runed translucent door, Crazy Yiuf
D:4 2 transporters, Pascal76's ghost, amateur GrGl
Lair:3 2 runed translucent doors, Ifomeed's ghost, journeyman DsGl


Innate Abilities, Weirdness & Mutations

You have claws for hands.
You sometimes gain a little power by taking damage.
You regenerate magic rapidly.
You have an absolutely massive brain. (Int +6, Wiz)
You are agile. (Dex +4, Str/Int -1)
You are somewhat resistant to further mutation.


Message History

Unknown command.
Unknown command.
Unknown command.
It was a potion of resistance.
You feel protected.
Your surroundings suddenly seem different.
A cane toad comes into view.
The cane toad croaks.
A cane toad comes into view.
The cane toad moves out of view.
The cane toad is attracted toward you.
Unknown command.
Unknown command.
Okay, then.
It was a potion of mutation.
You feel extremely strange.
You feel genetically stable.
You feel agile.
The cane toad gives a loud, deep croak!
Unknown command.
Unknown command.
Okay, then.
Unknown command.
Okay, then.
Aiming: Paralyse
Press: ? - help, Shift-Dir - straight line, f - you
Okay, then.
Unknown command.
Aiming: Paralyse
Press: ? - help, Shift-Dir - straight line, f - cane toad
Aim: a cane toad (unable to see you, chance to affect: 52%)
The cane toad resists with significant effort.
The cane toad barely misses you. The cane toad closely misses you.
The cane toad is attracted toward you.
Unknown command.
Unknown command.
Unknown command.
Aiming: Paralyse
Press: ? - help, Shift-Dir - straight line, f/p - cane toad
Aim: a cane toad (unable to see you, chance to affect: 52%)
The cane toad resists with significant effort.
The cane toad stings you!
You die...

###.....
#...... .
##..P...
.. ......
... ....#
....
§..#.....
#FF......
#@# ###


You could see 2 cane toads.

Vanquished Creatures
  Gastronok (Lair:1)
  2 hydras (Lair:3)
  A two-headed ogre (D:10)
  4 death yaks (Lair:3)
  A skyshark (Lair:5)
  A goliath frog (Lair:5)
  4 salamanders (Volcano)
  An oklob plant (Lair:2)
  9 elephants
  A merfolk siren (Lair:2)
  4 black mambas
  A torpor snail (Lair:3)
  9 cane toads
  Jeremiah (D:6)
  Maggie (D:7)
  6 komodo dragons
  A rime drake (Lair:1)
  A merfolk (D:10)
  23 blink frogs
  33 yaks
  3 wyverns
  7 fire bats
  2 vampire mosquitoes (Lair:5)
  A steam dragon (D:10)
  Menkaure (Ossuary)
  2 nagas (Lair:2)
  10 water moccasins
  An acid dragon (D:9)
  A black bear (D:4)
  An ice beast (D:8)
  3 orc warriors
  6 centaurs
  An ogre (D:5)
  3 wolves (Lair:3)
  A phantom (D:5)
  3 kobold brigands
  13 bullfrogs
  Blork the orc (D:4)
  A gnoll sergeant (D:8)
  16 wights
  A troll zombie (Ossuary)
  6 killer bees
  2 howler monkeys
  3 electric eels (Lair:5)
  2 centaur zombies (Ossuary)
  A human zombie (Ossuary)
  3 hounds
  4 orc priests
  A jelly (D:7)
  2 sleepcaps
  An iguana (D:5)
  4 orc wizards (D:9)
  2 ogre zombies (Ossuary)
  6 mummies (Ossuary)
  Robin (D:2)
  3 gnolls
  8 adders
  2 shadow imps (D:6)
  2 adder zombies (Ossuary)
  A worm (D:2)
  5 dart slugs
  19 orcs
  4 ball pythons
  13 bats
  6 endoplasms
  2 giant cockroaches
  2 gnoll zombies (Ossuary)
  11 goblins
  11 hobgoblins
  2 jackals (D:2)
  4 quokkas
  5 frilled lizards
  2 goblin zombies (Ossuary)
  6 hobgoblin zombies (Ossuary)
  17 kobolds
  3 kobold zombies (Ossuary)
  An orc zombie (Ossuary)
  4 quokka zombies (Ossuary)
  4 rats
  4 rat zombies (Ossuary)
  A butterfly (Lair:3)
363 creatures vanquished.

Vanquished Creatures (others)
  A sky beast (D:7)
1 creature vanquished.

Grand Total: 364 creatures vanquished

Notes
Turn   | Place    | Note
-------+----------+-------------------------------------------
     0 | D:1      | Morbidden the Demonspawn Conjurer began the quest for the
                  | Orb.
     0 | D:1      | Reached XP level 1. HP: 13/13 MP: 3/3
   283 | D:1      | Gained mutation: You have an unusually large brain. (Int
                  | +2) [demonic ancestry]
   283 | D:1      | Reached XP level 2. HP: 19/19 MP: 3/5
  1117 | D:2      | Gained mutation: You have sharp fingernails. [demonic
                  | ancestry]
  1117 | D:2      | Reached XP level 3. HP: 24/24 MP: 4/6
  1269 | D:2      | Reached skill level 5 in Conjurations
  1677 | D:2      | Learned a level 2 spell: Searing Ray
  1735 | D:2      | Reached XP level 4. HP: 30/30 MP: 5/7
  2054 | D:2      | Noticed Robin
  2060 | D:2      | Killed Robin
  2785 | D:3      | Identified the +1 helmet of Entitlement {*Slow Str+3}
  2810 | D:3      | Reached XP level 5. HP: 31/36 MP: 4/9
  3191 | D:3      | Found a runed translucent door.
  3192 | D:3      | Noticed Crazy Yiuf
  3707 | D:4      | Noticed Blork the orc
  3713 | D:4      | Killed Blork the orc
  3714 | D:4      | Reached skill level 1 in Fighting
  3816 | D:4      | Found a transporter.
  3821 | D:4      | Found a one-way gate to the infinite horrors of the Abyss.
  3821 | D:4      | Noticed Pascal76's ghost (amateur GrGl)
  3834 | D:4      | Noticed a small abomination
  3856 | D:4      | Found a transporter.
  3914 | D:4      | Found a stormy altar of Qazlal.
  4017 | D:4      | Found a staircase to the Ecumenical Temple.
  4067 | D:4      | Identified the +5 chain mail "Plog" {rElec rN+ Dex+2}
  4106 | D:4      | Noticed a black bear
  4111 | D:4      | Killed a black bear
  4112 | D:4      | Reached skill level 1 in Unarmed Combat
  4112 | D:4      | Gained mutation: You have an extremely huge brain. (Int +4)
                  | [demonic ancestry]
  4112 | D:4      | Reached XP level 6. HP: 42/43 MP: 5/11
  4116 | Temple   | Entered the Ecumenical Temple
  4172 | Temple   | Became a worshipper of Cheibriados the Contemplative
  4378 | D:4      | Identified the +1 pair of boots "Hintega" {Str+2}
  4480 | D:4      | Learned a level 4 spell: Iskenderun's Mystic Blast
  4503 | D:5      | Entered Level 5 of the Dungeon
  4565 | D:5      | Reached skill level 1 in Invocations
  4569 | D:5      | Reached skill level 1 in Translocations
  4590 | D:5      | Gained mutation: You have an absolutely massive brain. (Int
                  | +6, Wiz) [demonic ancestry]
  4590 | D:5      | Reached XP level 7. HP: 47/48 MP: 13/13
  4635 | D:5      | Reached skill level 1 in Armour
  4661 | D:5      | Reached * piety under Cheibriados
  4754 | D:5      | Found a sand-covered staircase.
  4761 | Ossuary  | Entered an ossuary
  5004 | Ossuary  | Noticed Menkaure
  5008 | Ossuary  | Killed Menkaure
  5382 | Ossuary  | Gained mutation: You sometimes gain a little power by
                  | taking damage. [demonic ancestry]
  5382 | Ossuary  | Reached XP level 8. HP: 48/56 MP: 6/14
  6084 | D:5      | Learned a level 5 spell: Arcjolt
  6206 | D:5      | Found an opulent altar of Gozag.
  6890 | D:6      | Noticed Jeremiah
  6902 | D:6      | Killed Jeremiah
  6903 | D:6      | Reached skill level 5 in Spellcasting
  8170 | D:7      | Reached skill level 1 in Air Magic
  8262 | D:7      | Reached XP level 9. HP: 64/64 MP: 8/17
  8492 | D:7      | Reached ** piety under Cheibriados
  8764 | D:7      | Noticed Maggie
  8775 | D:7      | Killed Maggie
  9762 | D:7      | Reached skill level 1 in Evocations
 10481 | D:8      | Reached *** piety under Cheibriados
 10556 | D:8      | Found a bloodstained altar of Trog.
 10879 | D:8      | Found a staircase to the Lair.
 11063 | D:9      | Reached XP level 10. HP: 71/71 MP: 7/19
 11721 | D:9      | Identified the +4 chain mail of a sewer {-Tele rF+ Regen+}
 11763 | D:9      | Identified the +4 ring mail "Xyjaum" {Slay+2}
 12170 | D:10     | Entered Level 10 of the Dungeon
 12170 | D:10     | Noticed a two-headed ogre
 12177 | D:10     | Killed a two-headed ogre
 12231 | D:10     | Found Xomizok's Assorted Antiques.
 12251 | D:10     | Found Baila's Jewellery Shop.
 12291 | D:10     | Reached **** piety under Cheibriados
 12535 | D:10     | Reached skill level 5 in Armour
 12673 | D:10     | Identified the +3 halberd "Womiori" {flame, rF++ rC+}
 12899 | D:10     | Reached skill level 5 in Fighting
 13181 | D:10     | Found Ycwukiq's Antique Armour Emporium.
 13280 | D:10     | Found Titwef's General Store.
 13671 | D:10     | Identified the +0 robe of Duck's Teeth {Str+3}
 13770 | Lair:1   | Entered Level 1 of the Lair of Beasts
 13770 | Lair:1   | Noticed a cane toad
 13908 | Lair:1   | Killed a cane toad
 14089 | Lair:1   | Identified a scroll of acquirement
 14090 | Lair:1   | Acquired a book of Annihilations
 14101 | Lair:1   | Learned a level 4 spell: Airstrike
 14224 | Lair:1   | Gained mutation: You have very sharp fingernails. [demonic
                  | ancestry]
 14224 | Lair:1   | Reached XP level 11. HP: 71/80 MP: 2/21
 14260 | Lair:1   | Reached skill level 5 in Invocations
 14756 | Lair:1   | Noticed Gastronok
 14767 | Lair:1   | Killed Gastronok
 14768 | Lair:1   | Reached skill level 5 in Air Magic
 15306 | Lair:2   | Noticed an oklob plant
 15318 | Lair:2   | Killed an oklob plant
 15657 | Lair:2   | Reached skill level 5 in Unarmed Combat
 15813 | Lair:2   | Reached skill level 5 in Translocations
 16112 | Lair:2   | Reached ***** piety under Cheibriados
 16216 | Lair:2   | Gained mutation: You have claws for hands. [demonic
                  | ancestry]
 16216 | Lair:2   | Reached XP level 12. HP: 74/87 MP: 1/24
 16658 | Lair:2   | Found a staircase to the Snake Pit.
 16667 | Lair:2   | Reached skill level 10 in Conjurations
 17142 | Lair:2   | Found a staircase to the Shoals.
 17480 | Lair:3   | Identified the of Pamnoleg
 17480 | Shoals:1 | Entered Level 1 of the Shoals
 17510 | Lair:3   | Noticed a five-headed hydra
 17514 | Lair:3   | Killed a five-headed hydra
 17552 | Lair:3   | Noticed a death yak
 17555 | Lair:3   | Noticed a death yak
 17555 | Lair:3   | Noticed a death yak
 17555 | Lair:3   | Noticed a death yak
 17562 | Lair:3   | Killed a death yak
 17564 | Lair:3   | Killed a death yak
 17564 | Lair:3   | Killed a death yak
 17566 | Lair:3   | Killed a death yak
 17614 | Lair:3   | Found a dark tunnel.
 17704 | Volcano  | Entered a volcano
 18228 | Lair:3   | Noticed a seven-headed hydra
 18232 | Lair:3   | Killed a seven-headed hydra
 18344 | Lair:3   | Found a large runed translucent door.
 18345 | Lair:3   | Found a large runed translucent door.
 18463 | Lair:3   | Gained mutation: You regenerate magic rapidly. [demonic
                  | ancestry]
 18463 | Lair:3   | Reached XP level 13. HP: 94/94 MP: 9/26
 18751 | Lair:3   | Noticed Ifomeed's ghost (journeyman DsGl)
 18751 | Lair:3   | You fall into a shaft and drop 2 floors!
 18751 | Lair:5   | Entered Level 5 of the Lair of Beasts
 18756 | Lair:5   | Learned a level 3 spell: Stone Arrow
 18949 | Lair:5   | Reached skill level 10 in Spellcasting
 19166 | Lair:5   | Identified the amulet of Xunyclum {Acrobat *Slow rN+++
                  | SInv}
 19187 | Lair:5   | Reached skill level 1 in Earth Magic
 19200 | Lair:5   | Gained mutation: You are somewhat resistant to further
                  | mutation. [potion of mutation]
 19200 | Lair:5   | Gained mutation: You are agile. (Dex +4, Str/Int -1)
                  | [potion of mutation]
 19202 | Lair:5   | Mangled by a cane toad

Illustrated notes

Levels and vault maps discovered:
D:1:      noname_arrival_rooms_in_the_neighbourhood, layout_basic,
          grunt_decor_fettered
D:2:      cheibrodos_old_hovel, layout_loops_ring, minmay_misc_feat_enclosed,
          minmay_pentomino_p4, uniq_robin
D:3:      layout_loops_ring, uniq_crazy_yiuf_cottage
D:4:      layout_loops_ring, nicolae_qazlal_scattered_showers,
          minmay_temple_entry_trees, gammafunk_ghost_abyssal_escape,
          grunt_decor_cap, uniq_blork_the_orc
D:5:      layout_basic, overflow_temple_1_default,
          nicolae_ossuary_entry_false_entrances, nrook_uturn, dk_noncrumbling_4,
          solitary_fountain, nrook_loot_triangle
D:6:      layout_loops_corners, hangedman_decor_peaks_small, uniq_jeremiah
D:7:      layout_basic, dk_rats_in_the_wall, uniq_maggie
D:8:      layout_cave_pools, mainiacjoe_overflow_catch_the_wave,
          lair_entry_dummy
D:9:      layout_basic, interstate_on_off
D:10:     layout_stronghold, serial_shops, shop, nicolae_shop_real_fake_doors,
          nicolae_shop_stone, nicolae_shop_competitors_out_of_business,
          hangedman_fish_farm
Temple:   regret_index_temple_chain_breaker
Lair:1:   layout_gridlike, roderic_batcave, pdpol_lair_neglected_garden,
          uniq_gastronok
Lair:2:   layout_regular_city, minmay_shoals_entry_lonely_mermaid,
          guppyfry_snake_entry_garden, infiniplex_staircase_pool_2,
          grunt_megastairs_1, lemuel_fruit_fields
Lair:3:   layout_cave_shapes, nicolae_volcano_entry_batcave,
          ebering_ghost_disaster_area, grunt_forest_stairs_basic,
          lemuel_fruit_fields
Lair:4:   layout_gridlike, nicolae_slime_entry_slimehenge, basic_altar
Lair:5:   minmay_lair_end_frog_pond, layout_gridlike,
          hangedman_lair_generics_rect
Shoals:1: layout_shoals

Skill      XL: |  1  2  3  4  5  6  7  8  9 10 11 12 13 |
---------------+----------------------------------------+-----
Conjurations   | 5 6 7 8 9 10 | 10.9
Spellcasting   | 3 4 5 6 7 8 9 10 | 10.5
Stealth        | 2 3 |  3.5
Fighting       | 1 2 3 4 5 6 7 |  7.0
Unarmed Combat | 1 2 3 4 5 6 7 |  7.2
Invocations    | 1 2 3 4 6 8 |  8.6
Translocations | 1 2 3 4 5 |  5.9
Armour         | 1 2 4 5 6 |  6.3
Dodging        | 2 |  2.9
Air Magic      | 1 3 4 5 6 7 |  7.0
Evocations     | 1 |  1.6
Earth Magic    | 1 |  1.0

Action                     |  1- 3 |  4- 6 |  7- 9 | 10-12 | 13-15 || total
---------------------------+-------+-------+-------+-------+-------++-------
  Melee: Unarmed           |     5 |     2 |    78 |   228 |    35 ||   348
   Cast: Magic Dart        |    82 |    70 |   103 |    65 |       ||   320
         Searing Ray       |       |    14 |    83 |    62 |       ||   159
         Iskenderun's Myst |       |       |       |    70 |     8 ||    78
         Airstrike         |       |       |       |    26 |    14 ||    40
         Stone Arrow       |       |       |       |       |    20 ||    20
 Invoke: Slouch            |       |       |       |     1 |     4 ||     5
  Evoke: Wand              |       |       |    22 |    16 |     2 ||    40
    Use: Scroll            |       |     4 |     8 |     4 |     1 ||    17
         Potion            |       |     1 |     8 |     2 |     7 ||    18
   Stab: Paralysed         |       |       |       |    16 |       ||    16
 Armour: Robe              |     7 |     1 |       |       |       ||     8
         Leather armour    |       |     7 |    63 |       |       ||    70
         Chain mail        |       |       |   170 |   386 |    72 ||   628
         Skin              |       |       |    64 |       |    18 ||    82
         Fire dragon scale |       |       |       |     2 |       ||     2
  Dodge: Dodged            |     5 |     9 |   130 |   213 |    43 ||   400

Table legend: (Time is in decaauts)
 A = Elapsed time spent in this place.
 B = Non-inter-level travel time spent in this place.
 C = Inter-level travel time spent in this place.
 D = Time resting spent in this place.
 E = Time spent auto-exploring this place.
 F = Levels seen in this place.
 G = Mean time per level.
                   A        B        C        D        E       F      G
               +--------+--------+--------+--------+--------+-----+--------+
         Total |  23238 |  22498 |    740 |   3239 |  16257 |  19 | 1223.1 |
       Dungeon |  14904 |  14296 |    608 |   1905 |  10800 |  10 | 1490.4 |
        Temple |     75 |     58 |     17 |      0 |     41 |   1 |   75.0 |
          Lair |   6371 |   6257 |    114 |    889 |   4402 |   5 | 1274.2 |
        Shoals |      1 |      1 |      0 |      0 |      0 |   1 |    1.0 |
       Ossuary |   1368 |   1368 |      0 |    237 |    908 |   1 | 1368.0 |
       Volcano |    517 |    517 |      0 |    207 |    105 |   1 |  517.0 |
               +--------+--------+--------+--------+--------+-----+--------+

Top non-repeatable levels by time:
  Lair:2: 2529 daAuts
     D:7: 2429 daAuts
    D:10: 2207 daAuts
  Lair:1: 2030 daAuts
     D:8: 2025 daAuts
     D:2: 1633 daAuts
     D:6: 1430 daAuts
 Ossuary: 1368 daAuts
  Lair:3: 1278 daAuts
     D:9: 1177 daAuts
     D:5: 1131 daAuts
     D:1: 1114 daAuts
     D:4: 903 daAuts
     D:3: 852 daAuts
  Lair:5: 529 daAuts
